 Dungeon Sprint DCSS version 0.22-a0-538-g76cc104 (webtiles) character file.

22483 raistware the Peltast (level 13, -3/125 HPs)
             Began as a Hill Orc Fighter on June 23, 2018.
             Was the Champion of Beogh.
             Slain by a spark wasp (13 damage)
             ... in the Dungeon (Sprint IX: "|||||||||||||||||||||||||||||").
             The game lasted 00:22:29 (2470 turns).

raistware the Peltast (Hill Orc Fighter)            Turns: 2470, Time: 00:22:30

Health: -3/125     AC: 21    Str: 25    XL:     13   Next: 0%
Magic:  0/28       EV: 17    Int: 11    God:    Beogh [******]
Gold:   936        SH: 14    Dex: 10    Spells: 12/12 levels left

rFire    . . .     SeeInvis .   d - +1 scimitar (flame)
rCold    . . .     Gourm    .   c - +0 shield
rNeg     . . .     Faith    .   h - +4 moon troll leather armour {Spirit, Regen++ MP+5}
rPois    .         Spirit   +   z - +1 helmet
rElec    .         Reflect  .   l - +0 cloak
rCorr    .         Harm     .   q - +1 pair of gloves
MR       +....     NoTele   +   w - +0 pair of boots
Stlth    +.........             (no amulet)
HPRegen  1.10/turn              a - +3 ring of strength
MPRegen  0.21/turn              b - +3 ring of intelligence

@: hasted, very quick
A: walk on water, fangs 1, molten scales 1, magic resistance 1, weak 1
a: Smiting, Recall Orcish Followers, Give Item to Named Follower, Resurrection,
Renounce Religion


You were in the Dungeon.
You worshipped Beogh.
Beogh was exalted by your worship.
You were not hungry.

You visited 1 branch You collected 1936 gold pieces.
You spent 1000 gold pieces at shops.

Inventory:

Hand Weapons
 d - a +1 scimitar of flaming (weapon)
 p - a +2 scimitar of holy wrath
Armour
 c - a +0 shield (worn)
 h - the +4 moon troll leather armour (worn) {Spirit, Regen++ MP+5}
   (You bought it in a shop in the Dungeon)

   It affects your magic capacity (+5).
   It increases your rate of regeneration.
 l - a +0 cloak (worn)
 q - a +1 pair of gloves (worn)
 r - a +0 plate armour
 w - a +0 pair of boots (worn)
 z - a +1 helmet (worn)
Jewellery
 a - a +3 ring of strength (left hand)
 b - a +3 ring of intelligence (right hand)
 g - an uncursed ring of protection from fire
 u - an uncursed ring of protection from magic
 x - an uncursed ring of protection from fire
 y - an uncursed ring of ice
Wands
 o - a wand of iceblast (5)
Scrolls
 j - 2 scrolls of fog
 k - 2 scrolls of blinking
 m - 7 scrolls of remove curse
 n - 2 scrolls of amnesia
 s - 2 scrolls of identify
 t - a scroll of fear
 C - 2 scrolls of enchant armour
Potions
 i - 3 potions of magic
 A - 2 potions of agility
Comestibles
 f - 10 rations
 v - 3 chunks of flesh


   Skills:
 + Level 14.8 Fighting
 - Level 14.1 Long Blades
 + Level 16.1 Armour
 + Level 12.6 Dodging
 + Level 16.1 Shields
 + Level 14.1 Invocations


You had 12 spell levels left.
You didn't know any spells.
Your spell library was empty.

Dungeon Overview and Level Annotations

Branches:
Dungeon (1/1)

Altars:
Cheibriados
Dithmenos
Elyvilon
Fedhas
Gozag
Hepliaklqana
Kikubaaqudgha
Makhleb
Nemelex Xobeh
Okawaru
Qazlal
Ru
Sif Muna
Trog
Uskayaw
Vehumet
Wu Jian
Xom
Yredelemnul
Zin
The Shining One
Beogh
Jiyva
Lugonu

Shops:
D (*!(


Innate Abilities, Weirdness & Mutations

You can walk on water.
You have very sharp teeth.
You are partially covered in molten scales. (AC +2)
You are resistant to hostile enchantments. (MR+)
You are weak. (Str -2)


Message History

Your orc wizard casts a spell.
Your orc wizard seems to speed up.
You hit the spark wasp but do no damage.
The spark wasp is severely wounded.
You block the spark wasp's attack.
You swap places.
Your orc wizard hits the spark wasp with a dagger.
The spark wasp stings your orc wizard! The spark wasp shocks your orc wizard!
Your orc wizard casts a spell at the spark wasp.
The spark wasp seems to slow down.
The spark wasp stings your orc wizard!
Your orc wizard dies!
The spark wasp buzzes angrily.
You hit the spark wasp but do no damage.
Your bite misses the spark wasp.
The spark wasp is severely wounded.
You slash the spark wasp! You burn the spark wasp.
Your bite misses the spark wasp.
The spark wasp is almost dead.
The spark wasp stings you!
You die...

▓.▓.▓.▓.▓.▓.▓.▓
▓.▓.▓.▓.▓.▓.▓.▓
▓.▓.▓.▓.▓'▓.▓.▓
▓.▓.▓.▓.▓.▓.▓.▓
▓(▓.▓.▓.▓.▓.▓.▓
▓)▓.▓.▓.▓.▓.▓÷▓
▓(▓.▓.▓.▓.▓.▓.▓
▓.▓.▓.▓.▓.▓.▓.▓
▓@▓.▓o▓.▓[▓.▓.▓
▓y▓.▓o▓.▓|▓.▓.▓
▓)▓.▓.▓.▓[▓.▓.▓
▓)▓.▓.▓.▓.▓.▓'▓
▓)▓.▓)▓.▓.▓.▓_▓
▓)▓.▓.▓.▓.▓.▓_▓
▓)▓.▓.▓.▓.▓.▓_▓
▓)▓.▓)▓.▓.▓.▓_▓
▓)▓.▓[▓.▓†▓.▓_▓


You could see a spark wasp.

Vanquished Creatures
  A tengu reaver (D)
  A stone giant (D)
  2 dire elephants (D)
  3 centaur warriors (D)
  An ice dragon (D)
  Erica (D)
  3 hydras (D)
  2 two-headed ogres (D)
  A tengu warrior (D)
  2 orc high priests (D)
  A glowing orange brain (D)
  An unseen horror (D)
  4 orc knights (D)
  A cyclops (D)
  5 elephants (D)
  A black mamba (D)
  2 spiny frogs (D)
  2 komodo dragons (D)
  A hornet (D)
  2 hippogriffs (D)
  A wyvern (D)
  A vampire (D)
  3 yaks (D)
  A water moccasin (D)
  An acid dragon (D)
  3 porcupines (D)
  2 sky beasts (D)
  An ice beast (D)
  An orc warrior (D)
  A crocodile (D)
  3 bullfrogs (D)
  A crimson imp (D)
  A hound (D)
  An orc priest (D)
  An orc wizard (D)
  A worker ant (D)
  An adder (D)
  A shadow imp (D)
  3 leopard geckos (D)
  An orc (D)
  2 giant cockroaches (D)
  A goblin (D)
  A frilled lizard (D)
70 creatures vanquished.

Vanquished Creatures (collateral kills)
  2 orc high priests (D)
  3 orc knights (D)
  An elephant (D)
  2 orc warriors (D)
  An orc priest (D)
  An orc wizard (D)
10 creatures vanquished.

Vanquished Creatures (others)
  An orc high priest (D)
  5 orc knights (D)
  3 orc warriors (D)
  4 orc wizards (D)
  5 orc priests (D)
  8 orcs (D)
26 creatures vanquished.

Grand Total: 106 creatures vanquished

Notes
Turn   | Place    | Note
-------+----------+-------------------------------------------
     0 | D        | raistware the Hill Orc Fighter began the quest for the Orb.
     0 | D        | Reached XP level 1. HP: 19/19 MP: 1/1
    30 | D        | Reached XP level 2. HP: 20/26 MP: 2/2
    94 | D        | Noticed a sky beast
   117 | D        | Killed a sky beast
   117 | D        | Reached skill level 10 in Long Blades
   117 | D        | Reached XP level 3. HP: 31/31 MP: 3/3
   117 | D        | Reached XP level 4. HP: 39/39 MP: 4/4
   125 | D        | Reached XP level 5. HP: 45/45 MP: 5/5
   140 | D        | Found a roughly hewn altar of Beogh.
   140 | D        | Found a snail-covered altar of Cheibriados.
   140 | D        | Found a shadowy altar of Dithmenos.
   140 | D        | Found a white marble altar of Elyvilon.
   140 | D        | Found a blossoming altar of Fedhas.
   140 | D        | Found an opulent altar of Gozag.
   141 | D        | Found a hazy altar of Hepliaklqana.
   142 | D        | Found a viscous altar of Jiyva.
   143 | D        | Became a worshipper of Beogh the Brigand
   144 | D        | Found an ancient bone altar of Kikubaaqudgha.
   145 | D        | Found a corrupted altar of Lugonu.
   146 | D        | Found a burning altar of Makhleb.
   147 | D        | Found a sparkling altar of Nemelex Xobeh.
   148 | D        | Found an iron altar of Okawaru.
   149 | D        | Found a stormy altar of Qazlal.
   150 | D        | Found a sacrificial altar of Ru.
   151 | D        | Found a deep blue altar of Sif Muna.
   152 | D        | Found a bloodstained altar of Trog.
   153 | D        | Found a hide-covered altar of Uskayaw.
   154 | D        | Found a radiant altar of Vehumet.
   155 | D        | Found an ornate altar of the Wu Jian Council.
   156 | D        | Found a shimmering altar of Xom.
   157 | D        | Found a basalt altar of Yredelemnul.
   158 | D        | Found a glowing silver altar of Zin.
   159 | D        | Found a glowing golden altar of the Shining One.
   220 | D        | Noticed a hornet
   220 | D        | Noticed a yak
   224 | D        | Reached skill level 1 in Dodging
   231 | D        | Paralysed by a hornet for 3 turns
   244 | D        | Paralysed by a hornet for 3 turns
   248 | D        | Killed a hornet
   248 | D        | Reached * piety under Beogh
   248 | D        | Reached XP level 6. HP: 38/51 MP: 6/6
   261 | D        | Killed a yak
   261 | D        | Reached ** piety under Beogh
   261 | D        | Reached XP level 7. HP: 43/57 MP: 7/7
   268 | D        | Noticed a two-headed ogre
   268 | D        | Noticed a centaur warrior
   268 | D        | Noticed a centaur warrior
   268 | D        | Noticed a yak
   275 | D        | Killed a two-headed ogre
   275 | D        | Reached XP level 8. HP: 41/64 MP: 8/8
   286 | D        | Killed a centaur warrior
   286 | D        | Reached skill level 10 in Armour
   286 | D        | Reached skill level 10 in Shields
   286 | D        | Reached XP level 9. HP: 38/70 MP: 9/9
   292 | D        | Killed a centaur warrior
   292 | D        | Reached skill level 5 in Fighting
   296 | D        | Reached *** piety under Beogh
   351 | D        | Noticed Erica
   398 | D        | Killed Erica
   398 | D        | Reached XP level 10. HP: 44/88 MP: 10/10
   579 | D        | Noticed a spiny frog
   579 | D        | Noticed a five-headed hydra
   582 | D        | Killed a spiny frog
   582 | D        | Reached **** piety under Beogh
   586 | D        | Noticed a black mamba
   597 | D        | Killed a one-headed hydra
   597 | D        | Reached ***** piety under Beogh
   598 | D        | Reached skill level 5 in Invocations
   619 | D        | Killed a black mamba
   711 | D        | Noticed a spiny frog
   711 | D        | Noticed a five-headed hydra
   723 | D        | Noticed a four-headed hydra
   728 | D        | Killed a one-headed hydra
   728 | D        | Reached skill level 10 in Fighting
   728 | D        | Reached XP level 11. HP: 89/100 MP: 14/16
   730 | D        | Reached ****** piety under Beogh
   732 | D        | Reached skill level 10 in Dodging
   753 | D        | Killed a one-headed hydra
  1019 | D        | Noticed a dire elephant
  1019 | D        | Noticed a dire elephant
  1039 | D        | Killed a dire elephant
  1066 | D        | Killed a dire elephant
  1067 | D        | Reached skill level 10 in Invocations
  1660 | D        | Noticed an orc knight
  1665 | D        | Gained Borgk as an ally
  1665 | D        | Your ally Borgk died
  1681 | D        | Killed an orc knight
  1808 | D        | Found Zuclijun's Weapon Emporium.
  1808 | D        | Noticed an orc knight
  1808 | D        | Noticed an orc high priest
  1808 | D        | Noticed an orc knight
  1808 | D        | Noticed an orc knight
  1808 | D        | Noticed an orc high priest
  1815 | D        | Killed an orc high priest
  1822 | D        | Noticed an orc knight
  1830 | D        | Noticed an orc high priest
  1830 | D        | Killed an orc knight
  1830 | D        | Reached XP level 12. HP: 34/113 MP: 20/20
  1840 | D        | Killed an orc high priest
  1875 | D        | Gained mutation: You are frail. (-10% HP) [potion of mutation]
  1875 | D        | Gained mutation: You are partially covered in iridescent scales. (AC +2) [potion of mutation]
  1888 | D        | Noticed an orc high priest
  1894 | D        | Noticed a sun demon
  1895 | D        | Killed an orc high priest
  1900 | D        | Noticed an orc high priest
  1910 | D        | Killed an orc high priest
  1927 | D        | Your ally Borgk died
  1928 | D        | Reached skill level 15 in Armour
  1928 | D        | Reached skill level 15 in Shields
  1956 | D        | Found Jurch's Assorted Antiques.
  1960 | D        | Found Pisos's Distillery.
  1986 | D        | Found Asuwelei's Weapon Shoppe.
  1991 | D        | Bought a potion of mutation for 128 gold pieces
  1991 | D        | Bought the +4 moon troll leather armour {Spirit, Regen++ MP+5} for 872 gold pieces
  1991 | D        | Found the +4 moon troll leather armour {Spirit, Regen++ MP+5}
  2001 | D        | Lost mutation: You are partially covered in iridescent scales. (AC +2) [potion of mutation]
  2001 | D        | Lost mutation: You are frail. (-10% HP) [potion of mutation]
  2001 | D        | Gained mutation: You are resistant to hostile enchantments. (MR+) [potion of mutation]
  2001 | D        | Gained mutation: You are weak. (Str -2) [potion of mutation]
  2001 | D        | Gained mutation: You are partially covered in molten scales. (AC +2) [potion of mutation]
  2001 | D        | Gained mutation: You have very sharp teeth. [potion of mutation]
  2247 | D        | Noticed a tengu warrior
  2247 | D        | Noticed a two-headed ogre
  2273 | D        | Killed a tengu warrior
  2304 | D        | Killed a two-headed ogre
  2312 | D        | Noticed an ice dragon
  2316 | D        | Noticed a centaur warrior
  2317 | D        | Noticed a tengu reaver
  2321 | D        | Noticed a stone giant
  2323 | D        | Noticed a spark wasp
  2342 | D        | Noticed a hell knight
  2347 | D        | Killed an ice dragon
  2349 | D        | HP: 4/118 [tengu reaver/bolt of lightning (14)]
  2424 | D        | Killed a tengu reaver
  2430 | D        | Killed a centaur warrior
  2440 | D        | Killed a stone giant
  2440 | D        | Reached XP level 13. HP: 23/125 MP: 3/23
  2459 | D        | HP: 3/125 [spark wasp (15)]
  2470 | D        | Slain by a spark wasp

Vault maps used:
D:        linesprint

Skill      XL: |  1  2  3  4  5  6  7  8  9 10 11 12 |
---------------+-------------------------------------+-----
Long Blades    | 4 10 11 12 13 14 | 14.1
Armour         | 6 7 9 10 11 12 14 16 | 16.1
Dodging        | 3 4 6 7 8 9 11 12 | 12.6
Shields        | 6 7 9 10 11 12 14 16 | 16.1
Fighting       | 7 10 12 14 | 14.8
Invocations    | 7 11 14 | 14.1

Action                   |  1- 3 |  4- 6 |  7- 9 | 10-12 | 13-15 || total
-------------------------+-------+-------+-------+-------+-------++-------
Melee: Long sword        |    48 |    11 |       |       |       ||    59
       Scimitar          |       |    29 |    38 |   384 |    18 ||   469
       Bite              |       |       |       |    20 |     1 ||    21
Invok: Smiting           |       |       |       |     8 |       ||     8
       Resurrection      |       |       |       |     2 |       ||     2
       Recall Orcish Fol |       |       |       |     1 |       ||     1
Evoke: Wand              |       |       |     5 |       |       ||     5
  Use: Potion            |     2 |     7 |     1 |    14 |       ||    24
       Scroll            |       |       |       |     1 |       ||     1
 Stab: Invisible         |       |     3 |       |       |       ||     3
  Eat: Chunk             |       |       |       |     2 |       ||     2
       Ration            |       |       |       |     1 |       ||     1
Armor: Scale mail        |    22 |     1 |       |       |       ||    23
       Plate armour      |       |    12 |     9 |   113 |       ||   134
       Troll leather arm |       |       |       |     5 |     1 ||     6
Dodge: Dodged            |     7 |     6 |     4 |    68 |     3 ||    88
Block: Shield            |    20 |    17 |    15 |   154 |     7 ||   213
       Rpst.: Long sword |     2 |       |       |       |       ||     2
       Scimitar          |       |     2 |     1 |    10 |       ||    13

Table legend:
 A = Spawn XP
 B = Non-spawn XP
 C = Spawn XP percentage of total XP
 D = Spawn monster count
 E = Non-spawn monster count
 F = Spawn count percentage of total count
 G = Total turns spent on level
                    A         B        C        D         E        F      G
               +---------+---------+-------+---------+---------+-------+---------
         Total |       0 |   32119 |   0.0 |       0 |      80 |   0.0 |  2470
               +---------+---------+-------+---------+---------+-------+---------
             D |       0 |   32119 |   0.0 |       0 |      80 |   0.0 |  2470
               +---------+---------+-------+---------+---------+-------+---------
